 Dungeon Crawl Stone Soup version 0.30.1-11-g7821555f0a (webtiles) character file.

Game seed: 13199773367158224362

117 lonewolfV2 the Trooper (level 5, -5/43 HPs)
             Began as a Formicid Fighter on Dec 8, 2023.
             Slain by Edmund
             ... wielding a +1 flail of protection
              (13 damage)
             ... on level 5 of the Dungeon.
             The game lasted 00:04:30 (3014 turns).

lonewolfV2 the Trooper (Formicid Fighter)           Turns: 3014, Time: 00:04:30

Health: -5/43      AC:  6    Str: 20    XL:     5   Next: 22%
Magic:  5/5        EV:  9    Int:  8    God:
Gold:   232        SH:  5    Dex: 15    Spells: 4/4 levels left

rFire   . . .        a - +0 war axe
rCold   . . .        c - +0 buckler
rNeg    . . .        b - +0 scale mail
rPois   .            (helmet unavailable)
rElec   .            (no cloak)
rCorr   .            (no gloves)
SInv    +            (no boots)
Will    .....        f - amulet of faith Stlth
                     (no ring)
HPRegen 0.27/turn    (no ring)
MPRegen 0.09/turn

%: faith
@: mighty
A: permanent stasis, dig shafts and tunnels, antennae 3, four strong arms
a: Dig, Shaft Self


You were on level 5 of the Dungeon.
You visited 1 branch of the dungeon, and saw 5 of its levels.

You collected 232 gold pieces.

Inventory:

Hand Weapons
 a - a +0 war axe (weapon)
Armour
 b - a +0 scale mail (worn)
 c - a +0 buckler (worn)
Jewellery
 f - an amulet of faith (around neck)
Wands
 i - a wand of polymorph (4)
Scrolls
 g - a scroll of identify
 h - 4 scrolls of teleportation
Potions
 e - 3 potions of flight
 j - 3 potions of invisibility
 n - a potion of lignification
 o - a potion of ambrosia {unknown}


   Skills:
 + Level 4.3 Fighting
 * Level 4.2 Axes
 - Level 3.2 Armour
 - Level 4.0 Shields


You had 4 spell levels left.
You didn't know any spells.
Your spell library contained the following spells:

 Spells                   Type           Power      Damage    Failure   Level
 Petrify                  Tmut/Erth      0%         N/A       100%        4
 Metabolic Englaciation   Hex/Ice        0%         N/A       100%        5
 Statue Form              Tmut/Erth      0%         N/A       100%        6


Dungeon Overview and Level Annotations

Branches:
Dungeon (5/15)
 Temple: D:4-7

Altars:
Cheibriados
Okawaru
Sif Muna

Shops:
D:5 *

Annotations:
D:5 Edmund


Innate Abilities, Weirdness & Mutations

You cannot be hasted, slowed, berserked, paralysed or teleported.
You can dig through walls and to a lower floor.
You have a pair of large antennae on your head. (SInv)
Your four strong arms can wield two-handed weapons with a shield.


Message History

Edmund hits you with a +1 flail of protection.
You hit Edmund but do no damage.
Edmund hits you with a +1 flail of protection.
You closely miss Edmund. Edmund hits you but does no damage.
You block Edmund's attack.
You closely miss Edmund. Edmund closely misses you.
You closely miss Edmund.
Edmund hits you with a +1 flail of protection.
Edmund misses you.
You closely miss Edmund.
Edmund hits you with a +1 flail of protection.
You closely miss Edmund. Edmund barely misses you.
You barely miss Edmund. Edmund hits you but does no damage.
Edmund barely misses you.
You hit Edmund.
Edmund is lightly wounded.
You block Edmund's attack.
You closely miss Edmund.
Edmund is lightly wounded.
Edmund hits you with a +1 flail of protection.
You barely miss Edmund.
Edmund is lightly wounded.
Edmund barely misses you.
You hit Edmund but do no damage.
Edmund is lightly wounded.
You block Edmund's attack.
Edmund hits you with a +1 flail of protection!
* * * LOW HITPOINT WARNING * * *
You barely miss Edmund.
Edmund is lightly wounded.
Edmund hits you with a +1 flail of protection.
* * * LOW HITPOINT WARNING * * *
You feel better. You block Edmund's attack.
You feel very mighty all of a sudden.
Edmund hits you with a +1 flail of protection.
* * * LOW HITPOINT WARNING * * *
You barely miss Edmund.
Edmund is lightly wounded.
Edmund hits you with a +1 flail of protection!
You die...

#.........# ...≈....
......... { ........# #
....... . ..#.∩.§.#
#.#....<###>. ........#
#.#......... ...≈@..#
......... .....#
#.#.#.#
####..######.....#
#.......@@..##...#
#.......###.##...# ####
#.......# #.###.##.....
#.........#.###........
#.......#........#.....
#.......#.#.##<..# ####
#........ ..##...#
#########.##.....#
.#.#.#


You could see Edmund.

Vanquished Creatures
  An orc wizard (D:4)
  2 gnolls (D:3)
  A worm (D:3)
  4 dart slugs
  7 orcs
  3 ball pythons
  4 endoplasms
  3 goblins
  3 hobgoblins (D:1)
  2 jackals (D:3)
  3 kobolds
  2 quokkas (D:1)
  2 bats
  3 frilled lizards
  6 rats (D:1)
46 creatures vanquished.

Vanquished Creatures (others)
  An orc wizard (D:4)
1 creature vanquished.

Grand Total: 47 creatures vanquished

Notes
Turn   | Place    | Note
-------+----------+-------------------------------------------
     0 | D:1      | lonewolfV2 the Formicid Fighter began the quest for the
                  | Orb.
     0 | D:1      | Reached XP level 1. HP: 18/18 MP: 1/1
    22 | D:1      | Reached XP level 2. HP: 15/24 MP: 2/2
   760 | D:1      | Reached XP level 3. HP: 30/30 MP: 3/3
   975 | D:2      | You fall into a shaft and drop 1 floor!
  1212 | D:3      | Found an iron altar of Okawaru.
  1393 | D:3      | Reached XP level 4. HP: 13/37 MP: 4/4
  1932 | D:3      | Found a shimmering blue altar of Sif Muna.
  2263 | D:4      | Reached XP level 5. HP: 20/42 MP: 5/5
  2491 | D:4      | Found a snail-covered altar of Cheibriados.
  2942 | D:5      | Entered Level 5 of the Dungeon
  2963 | D:5      | Found Evvuoshre's Elemental Accessories.
  2988 | D:5      | Noticed Edmund
  3011 | D:5      | HP: 2/43 [Edmund/+1 flail of protection (5)]
  3014 | D:5      | Slain by Edmund

Illustrated notes

Levels and vault maps discovered:
D:1:      psy_arrival_radial01, layout_basic
D:2:      layout_basic, serial_forest, infiniplex_forest_lined_2,
          infiniplex_forest_straight_3, infiniplex_forest_fountain,
          infiniplex_forest_straight_3, infiniplex_forest_lined_2,
          infiniplex_forest_end_2, infiniplex_forest_clump_medium,
          infiniplex_forest_end_1
D:3:      layout_basic, okawaru_trees_2, led_sif_pool
D:4:      layout_basic, kennysheep_slug_shrine
D:5:      layout_loops_cross, minmay_temple_entry_wispy, nicolae_elemental_shop,
          uniq_edmund

Skill      XL: |  1  2  3  4 |
---------------+-------------+-----
Axes           | 3 4 |  4.2
Fighting       | 4 |  4.3
Armour         | |  3.2
Shields        | |  4.0

Action                     |  1- 3 |  4- 6 || total
---------------------------+-------+-------++-------
  Melee: War axe           |    74 |    68 ||   142
    Use: Scroll            |     3 |     8 ||    11
         Potion            |       |     2 ||     2
 Armour: Scale mail        |    33 |    19 ||    52
  Dodge: Dodged            |    33 |    21 ||    54
  Block: Buckler           |    17 |    19 ||    36
